 Dungeon Crawl Stone Soup version 0.30.1-4-g462c640d31 (webtiles) character file.

Game seed: 3902297030743546131

564 Nick1 the Shield-Bearer (level 7, -3/55 HPs)
             Began as a Formicid Fighter on Sept 17, 2023.
             Was an Initiate of Okawaru.
             Slain by a gnoll
             ... wielding a +0 spear
             ... led by a gnoll bouda
              (7 damage)
             ... on level 5 of the Dungeon.
             The game lasted 00:14:25 (2559 turns).

Nick1 the Shield-Bearer (Formicid Fighter)          Turns: 2559, Time: 00:14:26

Health: -3/55      AC: 15    Str: 22    XL:     7   Next: 58%
Magic:  7/7        EV:  6    Int:  8    God:    Okawaru [......]
Gold:   211        SH:  5    Dex: 13    Spells: 6/6 levels left

rFire   . . .        y - +4 hand axe (heavy)
rCold   . . .        c - +0 buckler
rNeg    . . .        s - +0 plate armour
rPois   .            (helmet unavailable)
rElec   .            (no cloak)
rCorr   .            B - +0 pair of gloves
SInv    +            p - +1 pair of boots
Will    .....        (no amulet) Stlth
                     (no ring)
HPRegen 0.29/turn    (no ring)
MPRegen 0.10/turn

%: no passive effects
@: mighty
A: permanent stasis, dig shafts and tunnels, antennae 3, four strong arms
a: Dig, Shaft Self, Renounce Religion


You were on level 5 of the Dungeon.
You worshipped Okawaru.
Okawaru was noncommittal.
You visited 2 branches of the dungeon, and saw 6 of its levels.

You collected 211 gold pieces.

Inventory:

Hand Weapons
 v - the +8 trident "Axih" {flame, *Noise rC+++ MP+9 Str+2 Stlth+}
   (You found it on level 5 of the Dungeon)

   Str:       It affects your strength (+2).
   rC:        It renders you almost immune to cold.
   MP:        It affects your magic capacity (+9).
   *Noise:    It may make noises in combat.
   Stlth:     It makes you more stealthy.
 y - a +4 heavy hand axe (weapon)
Armour
 b - a +0 scale mail
 c - a +0 buckler (worn)
 p - a +1 pair of boots (worn)
 s - a +0 plate armour (worn)
 B - a +0 pair of gloves (worn)
Jewellery
 h - a ring of fire
Scrolls
 i - 3 scrolls of immolation {unknown}
 l - a scroll of amnesia {unknown}
 m - 2 scrolls of silence {unknown}
 o - 2 scrolls of enchant armour
 q - 2 scrolls of vulnerability {unknown}
 u - a scroll of fog {unknown}
 w - a scroll of noise {unknown}
 x - a scroll of magic mapping {unknown}
Potions
 e - 5 potions of flight
 g - 2 potions of attraction
 k - a potion of mutation
 n - 3 potions of curing
 t - a potion of resistance
 z - 2 potions of lignification {unknown}


   Skills:
 * Level 4.8 Fighting
 * Level 5.0 Axes
 + Level 2.1 Throwing
 * Level 4.5 Armour
 + Level 0.3 Dodging
 * Level 5.4 Shields
 * Level 1.2 Invocations


You had 6 spell levels left.
You didn't know any spells.
Your spell library contained the following spells:

 Spells                   Type           Power      Damage    Failure   Level
 Apportation              Tloc           0%         N/A       100%        1
 Kiss of Death            Conj/Necr      0%         2d5       100%        1
 Necrotise                Necr           0%         1d4       100%        1
 Lesser Beckoning         Tloc           0%         N/A       100%        2
 Confusing Touch          Hex            0%         N/A       100%        3
 Gell's Gravitas          Tloc           0%         N/A       100%        3
 Teleport Other           Tloc           0%         N/A       100%        3
 Dispel Undead            Necr           0%         3d6       100%        4
 Summon Small Mammal      Summ           Unusable   N/A       N/A         1

Dungeon Overview and Level Annotations

Branches:
Dungeon (5/15)             Temple (1/1) D:4

Altars:
Dithmenos
Kikubaaqudgha
Okawaru
Qazlal
Ru
Zin

Annotations:
D:3 2 transporters, 0gre's ghost, amateur GnIE


Innate Abilities, Weirdness & Mutations

You cannot be hasted, slowed, berserked, paralysed or teleported.
You can dig through walls and to a lower floor.
You have a pair of large antennae on your head. (SInv)
Your four strong arms can wield two-handed weapons with a shield.


Message History

The adder bites you.
The gnoll hits you from afar with a +0 spear.
You block the orc warrior's attack.
You hit the orc.
The orc is heavily wounded.
You miss the adder. You hit the orc warrior.
Your attacks no longer feel as feeble.
You block the adder's attack. The gnoll barely misses you.
The orc warrior hits you with a +0 hand axe!
* * * LOW HITPOINT WARNING * * *
The adder bites you.
* * * LOW HITPOINT WARNING * * *
The orc warrior hits you with a +0 hand axe.
* * * LOW HITPOINT WARNING * * *
You block the orc's attack.
The gnoll hits you from afar with a +0 spear.
* * * LOW HITPOINT WARNING * * *
Okay, then.
Unknown command.
You closely miss the orc wizard. You completely miss the orc.
You slice the adder!!
You kill the adder!
Okawaru accepts your kill.
You completely miss the orc warrior. The gnoll hits you but does no damage.
The orc wizard hits you but does no damage.
The orc hits you but does no damage.
The orc warrior hits you but does no damage.
You hit the orc.
The orc is severely wounded.
You closely miss the orc wizard.
You hit the orc warrior but do no damage.
You closely miss the adder. The adder bites you but does no damage.
The gnoll barely misses you.
The orc wizard hits you but does no damage.
The orc barely misses you.
The orc warrior hits you with a +0 hand axe.
* * * LOW HITPOINT WARNING * * *
The adder barely misses you.
The gnoll hits you from afar with a +0 spear!
You die...

.............#
##..................##
..........(.(.....(.# ..
#....................
..##...............(....
.............(....g...#.
.....<.........Soo......
................@o...#
..#....).....†...o.###
..##...............#
..###............#.#
..####.......##....#
...................#
.#.......###.....#...
................##....
...#.#................


You could see an orc warrior, an orc wizard, a gnoll (swift), an adder and 2
orcs.

Vanquished Creatures
  A water moccasin (D:5)
  A black bear (D:4)
  A phantom (D:4)
  2 hounds (D:4)
  A gnoll bouda (D:5)
  An iguana (D:4)
  7 adders
  2 gnolls (D:5)
  3 worms
  2 dart slugs
  12 orcs
  9 ball pythons
  5 bats
  8 endoplasms
  4 giant cockroaches
  3 goblins
  A hobgoblin (D:1)
  7 kobolds
  4 quokkas
  3 frilled lizards
  4 rats
81 creatures vanquished.

Notes
Turn   | Place    | Note
-------+----------+-------------------------------------------
     0 | D:1      | Nick1 the Formicid Fighter began the quest for the Orb.
     0 | D:1      | Reached XP level 1. HP: 18/18 MP: 1/1
    55 | D:1      | Reached XP level 2. HP: 20/24 MP: 2/2
   645 | D:2      | Reached XP level 3. HP: 26/29 MP: 3/3
   726 | D:2      | Found a faded altar of an unknown god.
   911 | D:2      | Reached XP level 4. HP: 36/36 MP: 4/4
  1601 | D:3      | Found a transporter.
  1602 | D:3      | Noticed 0gre's ghost (amateur GnIE)
  1603 | D:3      | Identified the +2 giant club of Slimy Expedience {flame,
                  | Dex+5 SInv}
  1603 | D:3      | Noticed an ogre
  1606 | D:3      | Noticed an ogre
  1617 | D:3      | Found a transporter.
  1705 | D:4      | Noticed a black bear
  1720 | D:4      | Killed a black bear
  1721 | D:4      | Reached skill level 1 in Throwing
  1721 | D:4      | Reached skill level 5 in Shields
  1721 | D:4      | Reached XP level 5. HP: 34/42 MP: 5/5
  1790 | D:4      | Reached XP level 6. HP: 43/48 MP: 6/6
  1804 | D:4      | Found a staircase to the Ecumenical Temple.
  1810 | Temple   | Entered the Ecumenical Temple
  1835 | Temple   | Became a worshipper of Warmaster Okawaru
  2081 | D:4      | Found a shadowy altar of Dithmenos.
  2201 | D:4      | Found a stormy altar of Qazlal.
  2261 | D:4      | Found a sacrificial altar of Ru.
  2330 | D:4      | Found an ancient bone altar of Kikubaaqudgha.
  2424 | D:4      | Reached XP level 7. HP: 55/55 MP: 7/7
  2484 | D:5      | Entered Level 5 of the Dungeon
  2523 | D:5      | Identified the +8 trident "Axih" {flame, *Noise rC+++ MP+9
                  | Str+2 Stlth+}
  2535 | D:5      | Noticed a water moccasin
  2543 | D:5      | Killed a water moccasin
  2544 | D:5      | Reached skill level 5 in Axes
  2544 | D:5      | Reached skill level 1 in Invocations
  2559 | D:5      | Slain by a gnoll

Illustrated notes

Levels and vault maps discovered:
D:1:      erik_arrival_cave_to_civilisation [erik_arrival_cave_to_hall],
          layout_basic
D:2:      layout_basic, basic_ecumenical_altar, grunt_ministairs_6
D:3:      layout_rooms, gammafunk_ghost_smash
D:4:      layout_basic, nicolae_overflow_hidden_temple,
          mainiacjoe_overflow_surrounded_room, old_standard_altar,
          grunt_dithmenos_smoke, minmay_temple_entry_wispy,
          minmay_close_crescents
D:5:      layout_rooms, nrook_campfire
Temple:   nicolae_temple_superstar

Skill      XL: |  1  2  3  4  5  6  7 |
---------------+----------------------+-----
Axes           | 3 4 5 |  5.0
Throwing       | 1 2 |  2.1
Armour         | 4 |  4.5
Shields        | 5 |  5.4
Fighting       | 4 |  4.8
Invocations    | 1 |  1.2
Dodging        | |  0.3

Action                     |  1- 3 |  4- 6 |  7- 9 || total
---------------------------+-------+-------+-------++-------
  Melee: War axe           |    91 |    50 |       ||   141
         Hand axe          |       |    61 |    15 ||    76
  Throw: Dart              |       |    34 |    12 ||    46
         Throwing net      |       |     1 |     1 ||     2
    Use: Scroll            |     1 |     6 |     1 ||     8
         Potion            |       |       |     1 ||     1
 Armour: Scale mail        |    51 |     9 |       ||    60
         Plate armour      |       |    74 |    21 ||    95
  Dodge: Dodged            |    52 |    38 |     7 ||    97
  Block: Buckler           |    18 |    33 |     8 ||    59
